 Dungeon Crawl Stone Soup version 0.25-a0-35-g747a2b3c0c (webtiles) character file.

Game seed: 8826117009642759424, levelgen mode: deterministic

171 Gynju the Magician (level 5, -4/28 HPs)
             Began as a Deep Elf Fire Elementalist on Oct 18, 2019.
             Slain by an orc wizard
             ... wielding a +0 dagger
              (5 damage)
             ... on level 2 of the Dungeon.
             The game lasted 00:05:06 (3500 turns).

Gynju the Magician (Deep Elf Fire Elementalist)     Turns: 3500, Time: 00:05:07

Health: -4/28      AC:  2    Str:  5    XL:     5   Next: 26%
Magic:  0/13       EV: 14    Int: 21    God:
Gold:   178        SH:  0    Dex: 15    Spells: 7/13 levels left

rFire    . . .     SeeInvis .   l - +0 war axe
rCold    . . .     Gourm    .   (no shield)
rNeg     . . .     Faith    .   a - +0 robe
rPois    .         Spirit   +   (no helmet)
rElec    .         Reflect  .   o - scarf {Spirit}
rCorr    .         Harm     .   (no gloves)
MR       .....                  (no boots)
Stlth    ++........             (no amulet)
HPRegen  0.09/turn              (no ring)
MPRegen  0.13/turn              (no ring)

@: no status effects
A: no striking features
a: no special abilities


You were on level 2 of the Dungeon.
You were not hungry.

You visited 1 branch of the dungeon, and saw 3 of its levels.

You collected 178 gold pieces.

Inventory:

Hand Weapons
 l - a +0 war axe (weapon)
Armour
 a - a +0 robe (worn)
 o - a scarf of spirit shield (worn)
Jewellery
 e - a cursed -2 ring of dexterity {unknown}
 j - an uncursed ring of positive energy
 r - an uncursed ring of positive energy
Wands
 m - a wand of random effects (16)
 w - a wand of paralysis (8)
Scrolls
 b - a scroll of blinking {unknown}
 d - 7 scrolls of remove curse {unknown}
 f - a scroll of teleportation {unknown}
 h - 5 scrolls of identify {unknown}
 q - 2 scrolls of amnesia {unknown}
 u - a scroll of noise {unknown}
 v - a scroll of fear {unknown}
Potions
 g - a potion of berserk rage {unknown}
 i - a potion of degeneration {unknown}
 k - 2 potions of heal wounds {unknown}
 n - 2 potions of curing {unknown}
 p - a potion of lignification {unknown}
 s - a potion of agility {unknown}
 t - 2 potions of invisibility {unknown}
Comestibles
 c - 6 rations
 x - 2 chunks of flesh


   Skills:
 + Level 3.9 Dodging
 - Level 2.4 Stealth
 + Level 4.5 Spellcasting
 + Level 2.9 Conjurations
 + Level 4.3 Fire Magic


You had 7 spell levels left.
You knew the following spells:

 Your Spells              Type           Power        Failure   Level  Hunger
a - Flame Tongue          Conj/Fire      ###..        2%          1    None
b - Throw Flame           Conj/Fire      ###...       3%          2    #......
c - Conjure Flame         Conj/Fire      ###.....     8%          3    ##.....

Your spell library contained the following spells:

 Spells                   Type           Power        Failure   Level  Hunger
 Confusing Touch          Hex            #.....       12%         1    None
 Inner Flame              Hex/Fire       ##......     14%         3    ##.....
 Sticky Flame             Conj/Fire      ###.....     26%         4    ####...
 Confuse                  Hex            #.......     34%         3    ##.....
 Gell's Gravitas          Tloc           #.........   34%         3    ##.....
 Fireball                 Conj/Fire      ###.......   56%         5    ######.
 Petrify                  Tmut/Erth      #.......     75%         4    ####...
 Metabolic Englaciation   Hex/Ice        #.........   97%         5    ######.
 Yara's Violent Unravell  Hex/Tmut       #.........   97%         5    ######.


Dungeon Overview and Level Annotations

Branches:
Dungeon (3/15)

Altars:


Message History

You can't see any susceptible monsters within range! (Use Z to cast anyway.)
Casting: Flame Tongue (safe; 2% risk of failure)
Confirm with . or Enter, or press ? or * to list all spells.
You can't see any susceptible monsters within range! (Use Z to cast anyway.)
Casting: Flame Tongue (safe; 2% risk of failure)
Confirm with . or Enter, or press ? or * to list all spells.
You can't see any susceptible monsters within range! (Use Z to cast anyway.)
Casting: Flame Tongue (safe; 2% risk of failure)
Confirm with . or Enter, or press ? or * to list all spells.
You can't see any susceptible monsters within range! (Use Z to cast anyway.)
Casting: Flame Tongue (safe; 2% risk of failure)
Confirm with . or Enter, or press ? or * to list all spells.
You can't see any susceptible monsters within range! (Use Z to cast anyway.)
You miss something.
You hear some strange, mumbled words.
A puff of flame appears from out of thin air!
The puff of flame hits you.
* * * LOW HITPOINT WARNING * * *
Something hits you!
You die...

#.# #.# #.# #.......#####.# # #.#
#.# #.# #.............#### #.#
#.# #.# #.......####..#...
##.#####.###.# #.#....#......#.##
...........#.###.#....#.###.##.##
#...#>####....##.##.#.#.# #.##.#
#.....# #..............# #.##.#
#..#.## #....##......### #.##.#
#..#.# #.#####@{#.### #.##.#
#..#.# ##.## #..#.# #.##.#
#..#.####...####..#.# #.##.#
#..#.....(....<.....#######.##.#
......###...####............##.#
#..##.# #.#.......############.#
#..##.# #...##################.#
......# ##### #................#
#..############.################


There were no monsters in sight!

Vanquished Creatures
  A vampire bat (D:3)
  A gnoll (D:1)
  4 adders
  5 worms
  A dart slug (D:2)
  2 leopard geckos (D:2)
  5 orcs (D:3)
  A giant cockroach (D:1)
  6 goblins
  7 hobgoblins
  3 kobolds
  A quokka (D:2)
  19 bats
  3 frilled lizards
  3 rats
62 creatures vanquished.

Notes
Turn   | Place    | Note
-------+----------+-------------------------------------------
     0 | D:1      | Gynju the Deep Elf Fire Elementalist began the quest for
                  | the Orb.
     0 | D:1      | Reached XP level 1. HP: 10/10 MP: 6/6
   282 | D:1      | Reached XP level 2. HP: 15/15 MP: 6/8
   936 | D:2      | Reached XP level 3. HP: 14/19 MP: 6/10
   944 | D:1      | Learned a level 2 spell: Throw Flame
   948 | D:1      | Learned a level 3 spell: Conjure Flame
  1636 | D:2      | Reached XP level 4. HP: 19/24 MP: 8/11
  3161 | D:3      | Reached XP level 5. HP: 27/28 MP: 4/13
  3500 | D:2      | HP: 1/28 [something/puff of flame (2)]
  3500 | D:2      | Slain by an orc wizard

Levels and vault maps discovered:
D:1:      tarquinn_simple_flora_water_c, layout_rooms, minmay_statues_item,
          corner_web_ring
D:2:      layout_loops_ring
D:3:      layout_loops_ring, roderic_batcave

Skill      XL: |  1  2  3  4 |
---------------+-------------+-----
Dodging        | 3 |  3.9
Conjurations   | 2 |  2.9
Spellcasting   | 4 |  4.5
Fire Magic     | 4 |  4.3
Stealth        | |  2.4

Action                   |  1- 3 |  4- 6 || total
-------------------------+-------+-------++-------
Melee: Unarmed           |     1 |       ||     1
       War axe           |       |    12 ||    12
 Cast: Flame Tongue      |    65 |    67 ||   132
  Eat: Chunk             |     1 |     3 ||     4
       Ration            |       |     1 ||     1
Armor: Robe              |     5 |    11 ||    16
Dodge: Dodged            |    27 |    30 ||    57

Table legend:
 A = Non-vault XP
 B = Vault XP
 C = Vault XP percentage of total XP
 D = Non-vault monster count
 E = Vault monster count
 F = Vault count percentage of total count
                 A         B        C        D         E       F
            +---------+---------+-------+---------+---------+-------
      Total |     178 |      67 |  27.3 |      55 |       7 |  11.3
            +---------+---------+-------+---------+---------+-------
        D:1 |      42 |       0 |   0.0 |      16 |       0 |   0.0
        D:2 |      78 |       0 |   0.0 |      19 |       0 |   0.0
        D:3 |      58 |      67 |  53.6 |      20 |       7 |  25.9
            +---------+---------+-------+---------+---------+-------
